 Dungeon Crawl Stone Soup version 0.30-a0-557-ge2afbf3030 (webtiles) character file.

Game seed: 5721868735992645768

1696 bmack86 the Chopper (level 8, -13/71 HPs)
             Began as a Minotaur Fighter on Dec 28, 2022.
             Was a Believer of Okawaru.
             Killed from afar by Maggie (15 damage)
             ... with a bolt of fire
             ... on level 6 of the Dungeon.
             The game lasted 00:14:49 (4664 turns).

bmack86 the Chopper (Minotaur Fighter)              Turns: 4664, Time: 00:14:49

Health: -13/71     AC: 21    Str: 22    XL:     8   Next: 72%
Magic:  5/7        EV:  8    Int:  5    God:    Okawaru [**....]
Gold:   241        SH:  6    Dex: 11    Spells: 7/7 levels left

rFire   . . .      SeeInvis +    a - +1 war axe
rCold   . . .      Faith    .    c - +0 buckler
rNeg    . . .      Spirit   .    h - +1 plate armour
rPois   .          Reflect  .    (helmet restricted)
rElec   .          Harm     .    t - +0 cloak
rCorr   .          Rampage  .    e - +2 pair of gloves
Will    .....                    (no boots) Stlth
                                 (no amulet)
HPRegen 0.31/turn                r - +4 ring of slaying
MPRegen 0.10/turn                s - ring of see invisible

@: heroic, mesmerised
A: horns 2, retaliatory headbutt
a: Renounce Religion, Heroism


You were on level 6 of the Dungeon.
You worshipped Okawaru.
Okawaru was pleased with you.
You visited 1 branch of the dungeon, and saw 6 of its levels.

You collected 241 gold pieces.

Inventory:

Hand Weapons
 a - a +1 war axe (weapon)
Missiles
 f - 11 javelins (quivered)
 g - 8 boomerangs
 o - 10 poisoned darts
 w - a throwing net
Armour
 b - a +0 tower shield of fire resistance
 c - a +0 buckler (worn)
 e - a +2 pair of gloves (worn)
 h - a +1 plate armour (worn)
 t - a +0 cloak (worn)
Jewellery
 r - a +4 ring of slaying (left hand)
 s - a ring of see invisible (right hand)
Wands
 n - a wand of polymorph (12)
Scrolls
 l - a scroll of amnesia
 q - a scroll of immolation
 B - 2 scrolls of vulnerability
Potions
 d - 2 potions of might
 i - a potion of lignification
 j - a potion of curing
 k - 3 potions of haste
 m - 5 potions of mutation
 p - 3 potions of heal wounds
 u - a potion of berserk rage
 v - a potion of invisibility
 z - 2 potions of degeneration
 A - a potion of cancellation


   Skills:
 + Level 6.4(11.4) Fighting
 * Level 7.9(12.9) Axes
 + Level 4.0(9.0) Throwing
 + Level 6.3(11.3) Armour
 + Level 6.5(11.5) Shields
 + Level 2.1 Evocations


You had 7 spell levels left.
You didn't know any spells.
Your spell library contained the following spells:

 Spells                   Type           Power      Damage    Failure   Level
 Freeze                   Ice            0%         1d3       100%        1
 Frozen Ramparts          Ice            0%         1d1       100%        3
 Hailstorm                Conj/Ice       0%         3d3       100%        3
 Ignite Poison            Fire/Tmut/Pois 0%         N/A       100%        3
 Kindle Blastsparks       Fire/Tloc/Air  0%         2d10      100%        3
 Freezing Cloud           Conj/Ice/Air   0%         6-21      100%        5


Dungeon Overview and Level Annotations

Branches:
Dungeon (6/15)             Temple (0/1) D:6

Altars:
Kikubaaqudgha
Makhleb
Nemelex Xobeh
Okawaru
Trog
Vehumet
Zin

Annotations:
D:4 2 transporters
D:6 Maggie


Innate Abilities, Weirdness & Mutations

You have a pair of horns on your head.
You reflexively headbutt those who attack you in melee.


Message History

Maggie hits you but does no damage.
You hit Maggie.
Maggie is moderately wounded.
Maggie hits you with a +2 morningstar of flaming.
* * * LOW HITPOINT WARNING * * *
Maggie burns you.
* * * LOW HITPOINT WARNING * * *
You barely miss Maggie.
Maggie is moderately wounded.
Maggie hits you but does no damage.
You hit Maggie but do no damage.
Maggie is moderately wounded.
You completely miss the orc priest.
The orc priest looks satisfied for a moment.
Maggie completely misses you. You furiously retaliate!
You headbutt Maggie! You hit Maggie.
Maggie is severely wounded.
You slash the orc priest! You closely miss Maggie.
Maggie is severely wounded.
You barely miss the orc priest.
The orc priest calls down the wrath of Beogh upon you.
Pain shoots through your body!
* * * LOW HITPOINT WARNING * * *
You block Maggie's attack.
The orc priest miscasts a cantrip.
You hit Maggie. You headbutt Maggie.
Maggie is severely wounded.
You hit the orc priest. x2
The orc priest hits you but does no damage.
You block the orc priest's attack. Maggie barely misses you.
You closely miss Maggie. You headbutt Maggie.
Maggie is severely wounded.
You slash the orc priest!
You kill the orc priest!
Okawaru accepts your kill.
You slash the orc priest! Maggie casts a spell at you.
The bolt of fire hits you!
You die...

.......# #.# ####....
.$## ### #.####<. ...
#.##.... ..# #.##.#.#
#.# #.##.#.# #.##
######..#.#.####..#
..................#
......≈≈≈≈≈....)@.#
....~≈≈≈≈≈≈≈≈.)o@##
..≈≈≈~~≈≈≈≈≈≈≈≈.o.#
.≈≈≈≈≈~...≈≈≈≈≈≈.....
.≈≈≈≈≈≈.>.≈≈≈≈≈≈.##...
.≈≈≈≈≈≈...≈≈≈≈≈≈.#
....
.≈≈≈≈≈≈≈≈≈≈≈≈≈≈≈.. #..
..≈≈≈≈≈≈≈≈≈≈≈≈≈.... ..
...^≈≈≈≈≈≈


You could see Maggie (mesmerising, empowered) and 2 orc priests.

Vanquished Creatures
  Grinder (D:5)
  A steam dragon (D:3)
  3 ice beasts
  Duvessa (D:5)
  2 black bears (D:4)
  A phantom (D:5)
  2 scorpions
  Dowan (D:5)
  2 vampire bats (D:5)
  2 hounds (D:5)
  2 orc priests
  3 iguanas (D:5)
  An orc wizard (D:6)
  11 adders
  7 gnolls
  2 white imps (D:5)
  An ufetubus (D:4)
  A worm (D:2)
  A dart slug (D:1)
  16 orcs
  3 ball pythons
  3 bat skeletons (D:5)
  2 bat zombies (D:5)
  7 endoplasms
  A giant cockroach (D:4)
  7 goblins
  8 hobgoblins
  3 jackals (D:4)
  5 kobolds
  5 quokkas
  6 bats
  5 frilled lizards
  3 rats
119 creatures vanquished.

Vanquished Creatures (others)
  An orc (D:6)
  A fungus (D:2)
  2 plants (D:2)
4 creatures vanquished.

Grand Total: 123 creatures vanquished

Notes
Turn   | Place    | Note
-------+----------+-------------------------------------------
     0 | D:1      | bmack86 the Minotaur Fighter began the quest for the Orb.
     0 | D:1      | Reached XP level 1. HP: 19/19 MP: 0/0
   316 | D:1      | Reached XP level 2. HP: 27/27 MP: 1/1
   647 | D:2      | Reached skill level 3 in Axes
   666 | D:2      | Reached XP level 3. HP: 32/33 MP: 2/2
   720 | D:2      | Found a sparkling altar of Nemelex Xobeh.
   945 | D:2      | Found a faded altar of an unknown god.
  1193 | D:3      | Reached skill level 1 in Throwing
  1207 | D:3      | Reached XP level 4. HP: 40/40 MP: 3/3
  1469 | D:3      | Found a bloodstained altar of Trog.
  1565 | D:3      | Reached skill level 4 in Axes
  1624 | D:3      | Found an iron altar of Okawaru.
  1631 | D:3      | Noticed a steam dragon
  1633 | D:3      | Found a glowing silver altar of Zin.
  1641 | D:3      | Killed a steam dragon
  1642 | D:3      | Reached XP level 5. HP: 22/47 MP: 4/4
  1736 | D:3      | Found a radiant altar of Vehumet.
  1807 | D:3      | Became a worshipper of Warmaster Okawaru
  1994 | D:4      | Reached XP level 6. HP: 48/53 MP: 5/5
  2007 | D:4      | Reached skill level 5 in Axes
  2213 | D:4      | Found a transporter.
  2586 | D:4      | Reached skill level 5 in Fighting
  2586 | D:4      | Reached skill level 5 in Shields
  2586 | D:4      | Reached * piety under Okawaru
  2587 | D:4      | Reached skill level 5 in Armour
  2587 | D:4      | Reached XP level 7. HP: 29/61 MP: 6/6
  3112 | D:4      | Found a transporter.
  3214 | D:4      | Identified a scroll of acquirement
  3215 | D:4      | Acquired a +0 tower shield of fire resistance
  3218 | D:5      | Entered Level 5 of the Dungeon
  3302 | D:5      | Reached skill level 6 in Axes
  3664 | D:5      | Noticed Duvessa
  3664 | D:5      | Noticed Grinder
  3664 | D:5      | Noticed Dowan
  3668 | D:5      | Killed Duvessa
  3671 | D:5      | Killed Dowan
  3672 | D:5      | Reached XP level 8. HP: 67/70 MP: 4/7
  3678 | D:5      | Paralysed by Grinder for 4 turns
  3695 | D:5      | Killed Grinder
  3696 | D:5      | Reached skill level 7 in Axes
  3696 | D:5      | Reached skill level 1 in Evocations
  3715 | D:5      | Found a burning altar of Makhleb.
  4247 | D:5      | Reached ** piety under Okawaru
  4336 | D:5      | Found an ancient bone altar of Kikubaaqudgha.
  4619 | D:6      | Found a staircase to the Ecumenical Temple.
  4641 | D:6      | Noticed Maggie
  4662 | D:6      | HP: 1/71 [orc priest/nerve-wracking pain (14)]
  4664 | D:6      | Killed from afar by Maggie

Illustrated notes

Levels and vault maps discovered:
D:1:      lemuel_arrival_cross, layout_basic, chequers_serial_rivers_room_b
D:2:      layout_rooms, shapermc_ecumenical_altar_acropolis, basic_altar,
          fountainhead
D:3:      layout_loops_ring, mainiacjoe_overflow_alcove_4,
          minmay_overflow_temple_star_quad
D:4:      gammafunk_cloud_chamber, layout_loops_corners, roderic_roman_lattice,
          corexii_checkpoint_a, kennysheep_generic_room_2
D:5:      layout_layer_cave, mainiacjoe_overflow_catwalk,
          kennysheep_vampire_church, minivault_27, uniq_duvessa, uniq_grinder
D:6:      layout_loops_ring, overflow_temple_1_default,
          mainiacjoe_overflow_six_doors_small, temple_pool_b, kennysheep_boxes,
          uniq_maggie

Skill      XL: |  1  2  3  4  5  6  7  8 |
---------------+-------------------------+-----
Axes           | 3 4 5 6 7 |  7.9
Fighting       | 4 5 6 |  6.4
Armour         | 4 5 6 |  6.3
Shields        | 4 5 6 |  6.5
Throwing       | 1 2 3 4 |  4.0
Evocations     | 2 |  2.1

Action                   |  1- 3 |  4- 6 |  7- 9 || total
-------------------------+-------+-------+-------++-------
Melee: War axe           |    78 |    90 |   108 ||   276
       Headbutt          |     5 |    15 |    19 ||    39
Throw: Javelin           |     1 |       |     2 ||     3
Invok: Heroism           |       |       |     6 ||     6
  Use: Scroll            |     6 |     8 |    10 ||    24
Armor: Scale mail        |     7 |       |       ||     7
       Plate armour      |    64 |   113 |    82 ||   259
Dodge: Dodged            |    22 |    60 |    36 ||   118
Block: Buckler           |    16 |    35 |    26 ||    77

Table legend: (Time is in decaauts)
 A = Elapsed time spent in this place.
 B = Non-inter-level travel time spent in this place.
 C = Inter-level travel time spent in this place.
 D = Time resting spent in this place.
 E = Time spent auto-exploring this place.
 F = Levels seen in this place.
 G = Mean time per level.
                   A        B        C        D        E       F      G
               +--------+--------+--------+--------+--------+-----+--------+
         Total |   4737 |   4554 |    183 |    103 |   2851 |   6 |  789.5 |
       Dungeon |   4737 |   4554 |    183 |    103 |   2851 |   6 |  789.5 |
               +--------+--------+--------+--------+--------+-----+--------+

Top non-repeatable levels by time:
     D:5: 1386 daAuts
     D:4: 1280 daAuts
     D:3: 889 daAuts
     D:1: 604 daAuts
     D:2: 509 daAuts
     D:6: 67 daAuts
